 Dungeon Crawl Stone Soup version 0.30.1-11-g7821555f0a (webtiles) character file.

Game seed: 6220462338941545930

56754 jfcaron the Thaumaturge (level 14, -9/109 HPs)
             Began as a Gnoll Earth Elementalist on Nov 10, 2023.
             Was the Champion of Cheibriados.
             Mangled by a skeletal warrior
             ... wielding a +0 mace
              (10 damage)
             ... while petrified by a basilisk
             ... on level 15 of the Dungeon.
             The game lasted 00:50:19 (20266 turns).

jfcaron the Thaumaturge (Gnoll Earth Elementalist) Turns: 20266, Time: 00:50:19

Health: -9/109     AC: 11    Str: 25    XL:     14   Next: 83%
Magic:  42/47      EV:  2    Int: 37    God:    Cheibriados [******]
Gold:   1274       SH:  0    Dex: 29    Spells: 5/35 levels left

rFire   . . .        h - +9 mace "Xautosan" {venom, MP+9}
rCold   + . .        X - +2 kite shield {rC+}
rNeg    + + +        u - +2 robe {Archmagi}
rPois   ∞            L - +1 hat {Int+3}
rElec   .            S - +0 cloak
rCorr   .            G - +1 pair of gloves {Str+3}
SInv    .            V - +0 pair of boots
Will    +....        B - amulet of reflection
Stlth   +++++        W - +5 ring of evasion
HPRegen 0.38/turn    Q - ring of magical power
MPRegen 0.30/turn

%: reflection, archmagi
@: petrified, very slow
A: fangs 1, strong nose, distributed training
a: Renounce Religion, Bend Time, Temporal Distortion, Slouch, Step From Time


You were on level 15 of the Dungeon.
You worshipped Cheibriados.
Cheibriados was exalted by your worship.
You visited 2 branches of the dungeon, and saw 16 of its levels.
You also visited: Sewer, Bailey and Ice Cave.

You collected 1274 gold pieces.

Inventory:

Hand Weapons
 h - the +9 mace "Xautosan" (weapon) {venom, MP+9}
   (You took it off a frost giant on level 14 of the Dungeon)

   MP:        It affects your magic capacity (+9).
 v - a +1 short sword of protection
   (You took it off a kobold on level 3 of the Dungeon)
 Y - a +2 hand crossbow of freezing
   (You found it in an ice cave)
Missiles
 q - a throwing net {!f}
 y - 37 poisoned darts
 D - a curare-tipped dart {!f}
 E - 7 boomerangs
 O - 2 javelins
Armour
 j - +0 fire dragon scales
 u - a +2 robe of the Archmagi (worn)
   (You took it off Dowan on level 5 of the Dungeon)
 G - a +1 pair of gloves of strength (worn)
   (You found it in a bailey)
 J - the +4 scale mail of Fifeiv {+Inv MP+9}
   (You took it off a hobgoblin in a bailey)

   MP:        It affects your magic capacity (+9).
   +Inv:      It lets you turn invisible.
 L - a +1 hat of intelligence (worn)
   (You took it off Gastronok on level 9 of the Dungeon)
 S - a +0 cloak (worn)
 V - a +0 pair of boots (worn)
 X - a +2 kite shield of cold resistance (worn)
   (You found it in an ice cave)
Magical Staves
 Z - a staff of air
   (You found it on level 14 of the Dungeon)
Jewellery
 e - a ring of poison resistance
 B - an amulet of reflection (around neck)
   (You found it on level 5 of the Dungeon)
 Q - a ring of magical power (right hand)
 R - a ring of protection from fire
   (You took it off a human on level 10 of the Dungeon)
 W - a +5 ring of evasion (left hand)
   (You found it on level 14 of the Dungeon)
Wands
 a - a wand of charming (11)
   (You took it off Ijyb on level 5 of the Dungeon)
 g - a wand of digging (7)
   (You took it off an orc on level 8 of the Dungeon)
 w - a wand of roots (11)
   (You found it on level 11 of the Dungeon)
 H - a wand of polymorph (5)
Scrolls
 k - 4 scrolls of summoning
 n - a scroll of fear {unknown}
 p - 4 scrolls of teleportation
 r - 3 scrolls of enchant weapon
 z - 2 scrolls of blinking
 C - 3 scrolls of vulnerability
 F - a scroll of magic mapping
 I - 5 scrolls of fog
 M - 3 scrolls of amnesia
 N - 2 scrolls of poison
 U - a scroll of immolation
Potions
 b - 4 potions of magic
 d - 9 potions of curing
 f - 3 potions of mutation
 i - 5 potions of heal wounds
 l - 3 potions of berserk rage
 m - 2 potions of resistance
 o - 2 potions of ambrosia
 s - 2 potions of lignification
 t - 5 potions of attraction
 x - 5 potions of flight
 A - 3 potions of might
 K - 3 potions of cancellation
 T - 2 potions of invisibility
Miscellaneous
 c - a phial of floods
   (You found it on level 14 of the Dungeon)
 P - a tin of tremorstones (inert)
   (You found it on level 10 of the Dungeon)


   Skills:
 + Level 9.7 Fighting
 + Level 9.7 Short Blades
 + Level 9.7 Long Blades
 + Level 9.7 Axes
 + Level 9.7 Maces & Flails
 + Level 9.7 Polearms
 + Level 9.7 Staves
 + Level 9.7 Ranged Weapons
 + Level 9.7 Throwing
 + Level 9.7 Armour
 + Level 10.8 Dodging
 + Level 10.6 Stealth
 + Level 9.7 Shields
 + Level 9.7 Unarmed Combat
 + Level 11.0 Spellcasting
 + Level 8.1 Conjurations
 + Level 8.1 Hexes
 + Level 8.1 Summonings
 + Level 8.1 Necromancy
 + Level 8.1 Translocations
 + Level 8.5 Transmutations
 + Level 8.1 Fire Magic
 + Level 8.1 Ice Magic
 + Level 8.1 Air Magic
 + Level 9.9 Earth Magic
 + Level 8.1 Poison Magic
 + Level 10.6 Invocations
 + Level 9.7 Evocations


You had 5 spell levels left.
You knew the following spells:

 Your Spells              Type           Power      Damage    Failure   Level
a - Sandblast             Erth           100%       2d20      1%          1
b - Passwall              Tmut/Erth      77%        N/A       1%          2
c - Stone Arrow           Conj/Erth      100%       3d13      1%          3
d - Petrify               Tmut/Erth      93%        N/A       1%          4
e - Call Imp              Summ           100%       N/A       1%          2
f - Frozen Ramparts       Ice            100%       1d16      1%          3
g - Mephitic Cloud        Conj/Pois/Air  88%        N/A       1%          3
h - Summon Ice Beast      Ice/Summ       88%        N/A       1%          4
i - Lee's Rapid Deconstr  Erth           48%        3d23*     1%          5
j - Ignite Poison         Fire/Tmut/Pois 89%        N/A       1%          3

Your spell library contained the following spells:

 Spells                   Type           Power      Damage    Failure   Level
 Freeze                   Ice            100%       1d10      1%          1
 Magic Dart               Conj           100%       1d8       1%          1
 Cigotuvi's Dreadful Rot  Necr/Pois/Air  100%       N/A       1%          2
 Hailstorm                Conj/Ice       88%        3d18      1%          3
 Inner Flame              Hex/Fire       88%        N/A       1%          3
 Portal Projectile        Hex/Tloc       100%       N/A       1%          3
 Vhi's Electric Charge    Tloc/Air       100%       N/A       1%          3
 Volatile Blastmotes      Fire/Tloc      100%       2d18      1%          3
 Dispel Undead            Necr           88%        3d28      1%          4
 Fulminant Prism          Conj/Hex       44%        3d19      1%          4
 Iskenderun's Mystic Bla  Conj/Tloc      88%        2d17      1%          4
 Sticky Flame             Conj/Fire      88%        2d10      1%          4
 Arcjolt                  Conj/Air       44%        1d54      3%          5
 Yara's Violent Unravell  Hex/Tmut       44%        3d17      3%          5
 Death Channel            Necr           44%        N/A       19%         6
 Plasma Beam              Fire/Air       44%        2x1d63    19%         6
 Enfeeble                 Hex            44%        N/A       69%         7
 Monstrous Menagerie      Summ           44%        N/A       69%         7
 Spellforged Servitor     Conj/Summ      44%        N/A       69%         7
 Ignition                 Fire           44%        3d13      100%        8
 Summon Horrible Things   Summ           44%        N/A       100%        8


Dungeon Overview and Level Annotations

Branches:
Dungeon (15/15)            Temple (1/1) D:4            Lair (0/5) D:8
    Orc (0/2) D:9          Vaults (0/5) D:14          Sewer (visited)
 Bailey (visited)           IceCv (visited)
 Depths: D:15

Altars:
Ashenzari
Cheibriados
Dithmenos
Elyvilon
Fedhas
Gozag
Hepliaklqana
Kikubaaqudgha
Makhleb
Nemelex Xobeh
Okawaru
Qazlal
Ru
Sif Muna
Trog
Uskayaw
Vehumet
Wu Jian
Xom
Yredelemnul
Zin
The Shining One

Shops:
D:4 [=   D:5 ((   D:8 :

Annotations:
D:6 come back with lots of rF
D:14 2 transporters, middlethird's ghost, journeyman VSEE


Innate Abilities, Weirdness & Mutations

You have very sharp teeth.
Your uncanny sense of smell can sniff out nearby items.
Your experience applies equally to all skills.


Message History

Your limbs are stiffening.
You block the basilisk's attack. x2
The skeletal warrior hits you from afar with a +0 halberd!
You have turned to stone.
The skeletal warrior hits you from afar with a +0 halberd!!
The basilisk bites you.
The skeletal warrior hits you from afar with a +0 halberd!!
The basilisk gazes at you.
You easily resist.
The skeletal warrior hits you from afar with a +0 halberd!
The skeletal warrior hits you but does no damage.
The basilisk hisses menacingly.
The basilisk bites you!
The skeletal warrior hits you from afar with a +0 halberd!
The skeletal warrior hits you with a +0 battleaxe!
The basilisk bites you but does no damage.
The skeletal warrior barely misses you.
The skeletal warrior hits you with a +0 dire flail.
The basilisk bites you.
The skeletal warrior hits you with a +0 battleaxe!
The skeletal warrior hits you but does no damage.
The skeletal warrior hits you with a +0 mace.
The skeletal warrior hits you but does no damage.
The basilisk bites you.
The skeletal warrior hits you with a +0 dire flail!!
The skeletal warrior completely misses you.
The skeletal warrior hits you from afar with a +0 halberd!
* * * LOW HITPOINT WARNING * * *
The skeletal warrior hits you but does no damage.
The skeletal warrior hits you with a +0 short sword!
* * * LOW HITPOINT WARNING * * *
The basilisk bites you!
* * * LOW HITPOINT WARNING * * *
The skeletal warrior hits you but does no damage.
The skeletal warrior hits you with a +0 battleaxe!
* * * LOW HITPOINT WARNING * * *
The skeletal warrior hits you from afar with a +0 halberd!!
* * * LOW HITPOINT WARNING * * *
The skeletal warrior hits you with a +0 mace!!
You die...

..#.........# ##....#∆
..##'##.##### ###.# ###
#'##.##.############.###.########
..)..#.).......#...'............#
.....'.).).....#...#............'
##+####).###..###.###.###'####..#
###########.###+###.####..#
#.....zz..#............#
#.....z@..#............. ∆
#.....lz..'...........#.
##...z##...#..........._
#....##..........###.#.
##....##..........# #...
#..........#####... ...#
#.....#...... .... ...#
#........#... ##.......# ..


You could see 5 skeletal warriors and a basilisk.

Vanquished Creatures
  Gastronok (D:9)
  A fire giant (D:14)
  A frost giant (D:14)
  An ironbound preserver (D:14)
  A reaper (IceCv)
  A fire dragon (D:14)
  4 hydras
  4 boulder beetles
  2 centaur warriors
  A catoblepas (D:14)
  The ghost of lonewolfV2 the Nimble, a novice MiFi (D:10)
  A death knight (D:14)
  3 two-headed ogres
  An orc high priest (Bailey)
  The ghost of scisormetimb3rs the Covert, a novice OpFi of Ru (D:9)
  A wizard (D:15)
  3 deep elf pyromancers
  Pikel (D:5)
  2 orc knights
  16 ugly things
  4 manticores
  7 cyclopes
  A black mamba (shapeshifter) (D:14)
  An ice statue (IceCv)
  3 gargoyles
  A kobold demonologist (Bailey)
  2 ice devils (D:13)
  A komodo dragon (D:13)
  An efreet (D:14)
  An anaconda simulacrum (IceCv)
  A queen bee (shapeshifter) (D:15)
  2 polar bears (D:14)
  4 meliai
  3 trolls
  Prince Ribbit (D:9)
  Grinder (D:3)
  Sigmund (D:3)
  2 shadows
  A centaur simulacrum (D:14)
  2 yaks (shapeshifter)
  2 wraiths (D:10)
  7 yaks
  5 humans
  A wyvern (D:9)
  A steam dragon (D:9)
  A redback simulacrum (D:15)
  A basilisk (D:15)
  4 death yak simulacra (IceCv)
  Menkaure (D:5)
  4 harpy simulacra (IceCv)
  Edmund (D:5)
  4 wargs
  2 water moccasins (D:7)
  2 acid dragons (D:11)
  Duvessa (D:5)
  19 orc warriors
  A hydra simulacrum (IceCv)
  A sky beast (D:7)
  2 ice beasts
  2 black bears
  5 ogres
  9 centaurs
  A lemure (D:5)
  4 kobold brigands
  4 bullfrogs
  A scorpion (D:7)
  10 wights
  A cane toad simulacrum (IceCv)
  11 two-headed ogre simulacra (IceCv)
  Dowan (D:5)
  15 killer bees
  6 electric eels (Bailey)
  A crimson imp (D:7)
  3 jellies
  4 gnoll boudas
  5 orc priests
  2 sleepcaps
  4 iguanas
  Ijyb (D:5)
  9 orc wizards
  5 spriggan simulacra (IceCv)
  6 troll simulacra (IceCv)
  3 wolf simulacra (IceCv)
  Robin (D:3)
  19 gnolls
  7 adders
  8 naga simulacra (IceCv)
  5 white imps
  2 ufetubi
  5 worms
  A dart slug (D:2)
  44 orcs
  7 ball pythons
  9 endoplasms
  10 giant cockroaches
  22 goblins
  11 hobgoblins
  3 jackals (D:1)
  3 quokkas
  9 bats
  3 frilled lizards
  23 kobolds
  14 rats
466 creatures vanquished.

Notes
Turn   | Place    | Note
-------+----------+-------------------------------------------
     0 | D:1      | jfcaron the Gnoll Earth Elementalist began the quest for
                  | the Orb.
     0 | D:1      | Reached XP level 1. HP: 13/13 MP: 6/6
   241 | D:1      | Reached XP level 2. HP: 19/19 MP: 5/7
   249 | D:1      | Learned a level 2 spell: Passwall
   747 | D:1      | Reached skill level 5 in Spellcasting
   747 | D:1      | Reached XP level 3. HP: 25/25 MP: 5/9
  1133 | D:2      | Learned a level 3 spell: Stone Arrow
  1279 | D:2      | Reached skill level 1 in Invocations
  1643 | D:2      | Found a faded altar of an unknown god.
  1708 | D:2      | Reached skill level 1 in Fighting
  1708 | D:2      | Reached skill level 1 in Short Blades
  1708 | D:2      | Reached skill level 1 in Long Blades
  1708 | D:2      | Reached skill level 1 in Axes
  1708 | D:2      | Reached skill level 1 in Maces & Flails
  1708 | D:2      | Reached skill level 1 in Polearms
  1708 | D:2      | Reached skill level 1 in Staves
  1708 | D:2      | Reached skill level 1 in Ranged Weapons
  1708 | D:2      | Reached skill level 1 in Throwing
  1708 | D:2      | Reached skill level 1 in Armour
  1708 | D:2      | Reached skill level 1 in Shields
  1708 | D:2      | Reached skill level 1 in Unarmed Combat
  1708 | D:2      | Reached skill level 1 in Evocations
  1790 | D:2      | Reached XP level 4. HP: 32/32 MP: 9/11
  1861 | D:2      | Learned a level 4 spell: Petrify
  2326 | D:3      | Reached skill level 1 in Conjurations
  2326 | D:3      | Reached skill level 1 in Hexes
  2326 | D:3      | Reached skill level 1 in Summonings
  2326 | D:3      | Reached skill level 1 in Necromancy
  2326 | D:3      | Reached skill level 1 in Translocations
  2326 | D:3      | Reached skill level 1 in Fire Magic
  2326 | D:3      | Reached skill level 1 in Ice Magic
  2326 | D:3      | Reached skill level 1 in Air Magic
  2326 | D:3      | Reached skill level 1 in Poison Magic
  2328 | D:3      | Noticed Sigmund
  2406 | D:3      | Noticed Robin
  2607 | D:3      | Noticed Grinder
  2608 | D:3      | Paralysed by Grinder for 3 turns
  2621 | D:3      | Killed Grinder
  2622 | D:3      | Reached skill level 5 in Dodging
  2622 | D:3      | Reached XP level 5. HP: 38/38 MP: 8/12
  2622 | D:3      | Reached XP level 6. HP: 44/44 MP: 9/14
  2650 | D:3      | Killed Sigmund
  2651 | D:3      | Reached XP level 7. HP: 48/51 MP: 9/15
  3227 | D:3      | Killed Robin
  3581 | D:4      | Found a glowing drain.
  3609 | Sewer    | Entered a sewer
  3946 | Sewer    | Reached skill level 5 in Stealth
  4162 | D:4      | Learned a level 2 spell: Call Imp
  4405 | D:4      | Found a staircase to the Ecumenical Temple.
  4412 | Temple   | Entered the Ecumenical Temple
  4459 | Temple   | Became a worshipper of Cheibriados the Contemplative
  4613 | D:4      | Reached XP level 8. HP: 58/58 MP: 12/16
  4761 | D:4      | Found Pargholl's Jewellery Shoppe.
  4923 | D:4      | Found Lehipput's Armour Emporium.
  5008 | D:5      | Entered Level 5 of the Dungeon
  5047 | D:5      | Noticed Ijyb
  5052 | D:5      | Killed Ijyb
  5064 | D:5      | Reached skill level 6 in Spellcasting
  5258 | D:5      | Found Fimoqud's Antique Weapon Emporium.
  5332 | D:5      | Noticed Duvessa
  5336 | D:5      | Noticed Dowan
  5340 | D:5      | Killed Duvessa
  5346 | D:5      | Killed Dowan
  5446 | D:5      | Noticed Pikel
  5456 | D:5      | Killed Pikel
  5457 | D:5      | Reached XP level 9. HP: 62/65 MP: 3/18
  5553 | D:5      | Found Rorrom's Antique Weapon Emporium.
  5702 | D:5      | Noticed Edmund
  5717 | D:5      | Killed Edmund
  5774 | D:5      | Noticed Menkaure
  5779 | D:5      | Killed Menkaure
  5779 | D:5      | Reached * piety under Cheibriados
  6443 | D:6      | Learned a level 3 spell: Frozen Ramparts
  6686 | D:6      | Reached ** piety under Cheibriados
  6732 | D:6      | Found an opulent altar of Gozag.
  6734 | D:6      | Found a broken altar of Ashenzari.
  6737 | D:6      | Found a hide-covered altar of Uskayaw.
  6739 | D:6      | Found a glowing golden altar of the Shining One.
  6742 | D:6      | Found a blossoming altar of Fedhas.
  6745 | D:6      | Reached skill level 5 in Invocations
  7338 | D:7      | Reached skill level 7 in Spellcasting
  7360 | D:7      | Found a flagged portal.
  7381 | Bailey   | Entered a bailey
  7477 | Bailey   | Reached skill level 5 in Fighting
  7477 | Bailey   | Reached skill level 5 in Short Blades
  7477 | Bailey   | Reached skill level 5 in Long Blades
  7477 | Bailey   | Reached skill level 5 in Axes
  7477 | Bailey   | Reached skill level 5 in Maces & Flails
  7477 | Bailey   | Reached skill level 5 in Polearms
  7477 | Bailey   | Reached skill level 5 in Staves
  7477 | Bailey   | Reached skill level 5 in Ranged Weapons
  7477 | Bailey   | Reached skill level 5 in Throwing
  7477 | Bailey   | Reached skill level 5 in Armour
  7477 | Bailey   | Reached skill level 5 in Shields
  7477 | Bailey   | Reached skill level 5 in Unarmed Combat
  7477 | Bailey   | Reached skill level 5 in Evocations
  7477 | Bailey   | Reached XP level 10. HP: 74/74 MP: 7/20
  7558 | Bailey   | Learned a level 3 spell: Mephitic Cloud
  7656 | Bailey   | Noticed an orc high priest
  7657 | Bailey   | Noticed a smoke demon
  7665 | Bailey   | Noticed a soul eater
  7665 | Bailey   | Noticed an orange demon
  7665 | Bailey   | Noticed a sixfirhy
  7681 | Bailey   | HP: 8/74 [electric eel/bolt of electricity (11)]
  7689 | Bailey   | Noticed a soul eater
  7689 | Bailey   | Killed an orc high priest
  7726 | Bailey   | Identified the +4 scale mail of Fifeiv {+Inv MP+9}
  7976 | Bailey   | Reached *** piety under Cheibriados
  8117 | Bailey   | Reached skill level 5 in Transmutations
  8216 | Bailey   | Found an iron altar of Okawaru.
  8218 | Bailey   | Noticed a kobold demonologist
  8227 | Bailey   | Killed a kobold demonologist
  8316 | D:7      | Acquired the Guidebook on the Wayfarer and the Swarm
  8323 | D:7      | Learned a level 4 spell: Summon Ice Beast
  8418 | D:7      | Found a stormy altar of Qazlal.
  8473 | D:7      | Found a runed translucent door.
  8477 | D:7      | Found a basalt altar of Yredelemnul.
  8688 | D:7      | Found a burning altar of Makhleb.
  9254 | D:8      | Reached **** piety under Cheibriados
  9305 | D:8      | Found a staircase to the Lair.
  9455 | D:8      | Found Hiyheimp's Book Shoppe.
 10282 | D:8      | Reached skill level 5 in Conjurations
 10282 | D:8      | Reached skill level 5 in Hexes
 10282 | D:8      | Reached skill level 5 in Summonings
 10282 | D:8      | Reached skill level 5 in Necromancy
 10282 | D:8      | Reached skill level 5 in Translocations
 10282 | D:8      | Reached skill level 5 in Fire Magic
 10282 | D:8      | Reached skill level 5 in Ice Magic
 10282 | D:8      | Reached skill level 5 in Air Magic
 10282 | D:8      | Reached skill level 5 in Poison Magic
 10408 | D:8      | Reached XP level 11. HP: 81/81 MP: 20/22
 10584 | D:9      | Reached skill level 8 in Spellcasting
 10590 | D:9      | Found a runed translucent door.
 10727 | D:9      | Found a staircase to the Orcish Mines.
 10861 | D:9      | Noticed Gastronok
 10872 | D:9      | Killed Gastronok
 10998 | D:9      | Noticed a boulder beetle
 11011 | D:9      | Killed a boulder beetle
 11052 | D:9      | Reached ***** piety under Cheibriados
 11309 | D:9      | Noticed Prince Ribbit
 11317 | D:9      | Found a white marble altar of Elyvilon.
 11325 | D:9      | Killed Prince Ribbit
 11583 | D:9      | Noticed scisormetimb3rs's ghost (novice OpFi)
 11596 | D:9      | Killed scisormetimb3rs's ghost
 11650 | D:10     | Entered Level 10 of the Dungeon
 11767 | D:10     | Found a runed translucent gate.
 11767 | D:10     | Found a runed translucent gate.
 11768 | D:10     | Found a runed translucent gate.
 11772 | D:10     | Noticed lonewolfV2's ghost (novice MiFi)
 11995 | D:10     | Learned a level 5 spell: Lee's Rapid Deconstruction
 12761 | D:10     | Reached skill level 9 in Spellcasting
 12761 | D:10     | Reached XP level 12. HP: 92/92 MP: 25/25
 12846 | D:10     | Killed lonewolfV2's ghost
 12847 | D:10     | Reached XP level 13. HP: 58/98 MP: 12/26
 14478 | D:12     | You fall into a shaft and drop 1 floor!
 14526 | D:13     | Found a frozen archway.
 14560 | D:13     | Learned a level 3 spell: Ignite Poison
 14562 | IceCv    | Entered an ice cave
 14871 | IceCv    | Reached ****** piety under Cheibriados
 15720 | IceCv    | Noticed a reaper
 15731 | IceCv    | Killed a reaper
 16271 | D:13     | Reached skill level 10 in Spellcasting
 16410 | D:13     | Identified the +8 hand axe of Fedhas, Shrinking {venom,
                  | Stlth+}
 17289 | D:14     | Reached skill level 10 in Dodging
 17304 | D:14     | Noticed a fire dragon
 17308 | D:14     | Noticed an ironbound preserver
 17311 | D:14     | Killed a fire dragon
 17312 | D:14     | Reached XP level 14. HP: 52/108 MP: 6/28
 17326 | D:14     | Killed an ironbound preserver
 17327 | D:14     | Reached skill level 10 in Stealth
 17508 | D:14     | Found a gate to the Vaults.
 17581 | D:14     | Noticed an iron dragon
 17582 | D:14     | Noticed middlethird's ghost (journeyman VSEE)
 17590 | D:14     | Identified the +2 hand axe "Vicvamasch" {freeze, Str+4}
 17591 | D:14     | Found a transporter.
 17606 | D:14     | Found a transporter.
 17652 | D:14     | Reached skill level 10 in Invocations
 18404 | D:14     | Identified the +9 mace "Xautosan" {venom, MP+9}
 18404 | D:14     | Noticed a frost giant
 18413 | D:14     | Identified the ring of the Present {Fire Fly Int+3}
 18413 | D:14     | Noticed a fire giant
 18414 | D:14     | Killed a frost giant
 18423 | D:14     | Killed a fire giant
 18835 | D:14     | Found a bloodstained altar of Trog.
 19510 | D:15     | Entered Level 15 of the Dungeon
 19510 | D:15     | Found a broken altar of Ashenzari.
 19854 | D:15     | HP: 20/109 [red ugly thing (5)]
 19854 | D:15     | HP: 4/109 [red ugly thing (16)]
 20252 | D:15     | Reached skill level 11 in Spellcasting
 20265 | D:15     | HP: 17/109 [basilisk (5)]
 20266 | D:15     | HP: 1/109 [skeletal warrior/+0 halberd (9)]
 20266 | D:15     | Mangled by a skeletal warrior

Illustrated notes

Levels and vault maps discovered:
D:1:      wheals_arrival_linesprint, layout_basic, kennysheep_another_room
D:2:      layout_basic, shapermc_ecumenical_altar_starsandcircs
D:3:      layout_basic, grunt_decor_mini_mirrors, uniq_sigmund, uniq_grinder,
          uniq_robin
D:4:      nicolae_cairo_tiling_large, layout_loops_ring,
          cheibrodos_sewer_entry_bend, serial_shops, shop, kennysheep_mini_moat,
          chequers_garden
D:5:      layout_gridville, serial_shops, nicolae_shop_hallway_plus,
          minmay_shop_grid_forest, abandoned_shop, uniq_duvessa, uniq_menkaure,
          uniq_pikel, uniq_ijyb, uniq_edmund
D:6:      layout_gridville, minitemple, lemuel_flamethrower_2
D:7:      layout_cave_pods, dk_yredelemnul_ordeal, makhleb_grotto_becter,
          lemuel_crystal_altar, enter_bailey_3
D:8:      layout_layer_cave, erik_lair_orcish_takeover, serial_shops, shop,
          nicolae_underground_beach
D:9:      layout_cave_pools, elyvilon_altar_4, ebering_ghost_reflecting_pool,
          corexii_checkpoint_a, uniq_prince_ribbit1, uniq_gastronok
D:10:     layout_loops_ring, gammafunk_ghost_spectres, minmay_ruffians
D:11:     layout_grid_maze, special_room [special_room_orc]
D:12:     layout_small_grid
D:13:     layout_loops_ring, portal_ice_cave_demonic_guard
D:14:     minmay_the_grid_four_pointed_star
          [minmay_the_grid_triangle_9x9_sparse_checkered,
          minmay_the_grid_triangle_9x9_wacky_v,
          minmay_the_grid_triangle_9x9_impossible_snake,
          minmay_the_grid_triangle_9x9_cache,
          minmay_the_grid_prize_diamond_cup], layout_long_grid,
          skrybe_vaults_entry_preservation, gammafunk_ghost_berserking_beasts,
          trog_ov_bears_minmay
D:15:     grunt_enter_depths_snipers, layout_gridville, ashenzari_altar_1,
          hangedman_decor_lopped, hangedman_decor_points, lemuel_flamethrower_3
Temple:   cyrus_circular_temple

Skill      XL: |  1  2  3  4  5  6  7  8  9 10 11 12 13 14 |
---------------+-------------------------------------------+-----
Transmutations | 2 3 4 5 6 7 8 |  8.5
Spellcasting   | 5 6 7 9 10 11 | 11.0
Invocations    | 1 2 3 4 5 6 8 9 10 | 10.6
Fighting       | 1 2 3 5 6 7 9 |  9.7
Short Blades   | 1 2 3 5 6 7 9 |  9.7
Long Blades    | 1 2 3 5 6 7 9 |  9.7
Axes           | 1 2 3 5 6 7 9 |  9.7
Maces & Flails | 1 2 3 5 6 7 9 |  9.7
Polearms       | 1 2 3 5 6 7 9 |  9.7
Staves         | 1 2 3 5 6 7 9 |  9.7
Ranged Weapons | 1 2 3 5 6 7 9 |  9.7
Throwing       | 1 2 3 5 6 7 9 |  9.7
Armour         | 1 2 3 5 6 7 9 |  9.7
Shields        | 1 2 3 5 6 7 9 |  9.7
Unarmed Combat | 1 2 3 5 6 7 9 |  9.7
Evocations     | 1 2 3 5 6 7 9 |  9.7
Conjurations   | 1 2 3 4 5 6 7 8 |  8.1
Hexes          | 1 2 3 4 5 6 7 8 |  8.1
Summonings     | 1 2 3 4 5 6 7 8 |  8.1
Necromancy     | 1 2 3 4 5 6 7 8 |  8.1
Translocations | 1 2 3 4 5 6 7 8 |  8.1
Fire Magic     | 1 2 3 4 5 6 7 8 |  8.1
Ice Magic      | 1 2 3 4 5 6 7 8 |  8.1
Air Magic      | 1 2 3 4 5 6 7 8 |  8.1
Poison Magic   | 1 2 3 4 5 6 7 8 |  8.1
Dodging        | 5 6 7 9 10 | 10.8
Stealth        | 5 6 7 8 9 10 | 10.6
Earth Magic    | 6 7 8 9 |  9.9

Action                     |  1- 3 |  4- 6 |  7- 9 | 10-12 | 13-15 || total
---------------------------+-------+-------+-------+-------+-------++-------
  Melee: Unarmed           |     6 |       |       |       |       ||     6
         Dagger            |     6 |    11 |     3 |       |       ||    20
         Bite              |       |     1 |     7 |    17 |    18 ||    43
         Short sword       |       |       |    53 |    96 |   139 ||   288
         Punch             |       |       |     1 |       |       ||     1
         Mace              |       |       |       |       |     8 ||     8
  Throw: Dart              |       |       |     6 |    13 |    30 ||    49
         Javelin           |       |       |       |     1 |     2 ||     3
   Cast: Sandblast         |    55 |    20 |   184 |   103 |    12 ||   374
         Petrify           |       |     2 |       |     1 |     5 ||     8
         Stone Arrow       |       |       |    28 |    67 |   167 ||   262
         Call Imp          |       |       |     3 |     5 |     5 ||    13
         Frozen Ramparts   |       |       |     1 |    18 |    25 ||    44
         Summon Ice Beast  |       |       |       |     5 |     4 ||     9
         Lee's Rapid Decon |       |       |       |       |    20 ||    20
         Mephitic Cloud    |       |       |       |       |    13 ||    13
         Ignite Poison     |       |       |       |       |    11 ||    11
  Evoke: Wand              |       |       |     2 |     6 |    19 ||    27
         Tin of tremorston |       |       |       |       |     3 ||     3
    Use: Scroll            |       |       |    15 |     4 |     6 ||    25
         Potion            |       |       |       |     2 |     3 ||     5
   Stab: Petrified         |       |    10 |       |       |     2 ||    12
         Sleeping          |       |     1 |       |       |     3 ||     4
         Petrifying        |       |       |       |       |     3 ||     3
         Confused          |       |       |       |       |     1 ||     1
         Distracted        |       |       |       |       |     1 ||     1
 Armour: Robe              |     6 |     5 |    31 |    20 |    38 ||   100
         Leather armour    |       |       |     1 |     1 |       ||     2
         Ice dragon scales |       |       |       |       |     7 ||     7
  Dodge: Dodged            |    16 |    10 |    86 |    81 |    87 ||   280
  Block: Other             |       |       |     3 |     1 |     1 ||     5
         Reflection        |       |       |     1 |     8 |    19 ||    28
         Kite shield       |       |       |       |   147 |   169 ||   316

Table legend: (Time is in decaauts)
 A = Elapsed time spent in this place.
 B = Non-inter-level travel time spent in this place.
 C = Inter-level travel time spent in this place.
 D = Time resting spent in this place.
 E = Time spent auto-exploring this place.
 F = Levels seen in this place.
 G = Mean time per level.
                   A        B        C        D        E       F      G
               +--------+--------+--------+--------+--------+-----+--------+
         Total |  26967 |  25595 |   1372 |   2941 |  18524 |  19 | 1419.3 |
       Dungeon |  23145 |  21780 |   1365 |   1922 |  16746 |  15 | 1543.0 |
        Temple |     56 |     49 |      7 |      0 |     34 |   1 |   56.0 |
         Sewer |    461 |    461 |      0 |      2 |    296 |   1 |  461.0 |
        Bailey |   1180 |   1180 |      0 |    198 |    572 |   1 | 1180.0 |
      Ice Cave |   2124 |   2124 |      0 |    819 |    874 |   1 | 2124.0 |
               +--------+--------+--------+--------+--------+-----+--------+

Top non-repeatable levels by time:
    D:14: 3043 daAuts
     D:8: 2222 daAuts
   IceCv: 2124 daAuts
    D:10: 2029 daAuts
    D:13: 1779 daAuts
     D:5: 1606 daAuts
    D:11: 1496 daAuts
    D:12: 1478 daAuts
     D:7: 1400 daAuts
     D:9: 1388 daAuts
     D:2: 1336 daAuts
     D:6: 1271 daAuts
  Bailey: 1180 daAuts
     D:1: 1159 daAuts
     D:3: 1124 daAuts

Table legend:
 A = Kills in this place as a percentage of kills in the entire game.
 B = Kills by you in this place as a percentage of kills by you in the entire game.
 C = Kills by friends in this place as a percentage of kills by friends in the entire game.
 D = Other kills in this place as a percentage of other kills in the entire game.
 E = Experience gained in this place as a percentage of experience gained in the entire game.
 F = Experience gained in this place divided by the number of levels of this place that you have seen.
                   A       B       C       D       E      F
               +-------+-------+-------+-------+-------+----------------------
         Total | 100.0 | 100.0 | 100.0 |   N/A | 100.0 | 3552.0
       Dungeon |  75.7 |  75.7 |  75.0 |   N/A |  88.8 | 3995.3
         Sewer |   6.5 |   6.6 |   0.0 |   N/A |   0.4 | 249.0
        Bailey |   6.7 |   6.4 |  25.0 |   N/A |   3.5 | 2348.0
      Ice Cave |  11.1 |  11.3 |   0.0 |   N/A |   7.4 | 4961.0
               +-------+-------+-------+-------+-------+----------------------

Levels and vault maps discovered:
D:1:      wheals_arrival_linesprint, layout_basic, kennysheep_another_room
D:2:      layout_basic, shapermc_ecumenical_altar_starsandcircs
D:3:      layout_basic, grunt_decor_mini_mirrors, uniq_sigmund, uniq_grinder,
          uniq_robin
D:4:      nicolae_cairo_tiling_large, layout_loops_ring,
          cheibrodos_sewer_entry_bend, serial_shops, shop, kennysheep_mini_moat,
          chequers_garden
D:5:      layout_gridville, serial_shops, nicolae_shop_hallway_plus,
          minmay_shop_grid_forest, abandoned_shop, uniq_duvessa, uniq_menkaure,
          uniq_pikel, uniq_ijyb, uniq_edmund
D:6:      layout_gridville, minitemple, lemuel_flamethrower_2
D:7:      layout_cave_pods, dk_yredelemnul_ordeal, makhleb_grotto_becter,
          lemuel_crystal_altar, enter_bailey_3
D:8:      layout_layer_cave, erik_lair_orcish_takeover, serial_shops, shop,
          nicolae_underground_beach
D:9:      layout_cave_pools, elyvilon_altar_4, ebering_ghost_reflecting_pool,
          corexii_checkpoint_a, uniq_prince_ribbit1, uniq_gastronok
D:10:     layout_loops_ring, gammafunk_ghost_spectres, minmay_ruffians
D:11:     layout_grid_maze, special_room [special_room_orc]
D:12:     layout_small_grid
D:13:     layout_loops_ring, portal_ice_cave_demonic_guard
D:14:     minmay_the_grid_four_pointed_star
          [minmay_the_grid_triangle_9x9_sparse_checkered,
          minmay_the_grid_triangle_9x9_wacky_v,
          minmay_the_grid_triangle_9x9_impossible_snake,
          minmay_the_grid_triangle_9x9_cache,
          minmay_the_grid_prize_diamond_cup], layout_long_grid,
          skrybe_vaults_entry_preservation, gammafunk_ghost_berserking_beasts,
          trog_ov_bears_minmay
D:15:     grunt_enter_depths_snipers, layout_gridville, ashenzari_altar_1,
          hangedman_decor_lopped, hangedman_decor_points, lemuel_flamethrower_3
Temple:   cyrus_circular_temple
